 Dungeon Crawl Stone Soup version 0.17-a0-1504-gb7d9117 (webtiles) character file.

79 Fizybubbleh the Sneak (level 4, -3/30 HPs)
             Began as a Human Enchanter on July 8, 2015.
             Was an Initiate of Dithmenos.
             Slain by an ogre (8 damage)
             ... on level 3 of the Dungeon.
             The game lasted 00:09:37 (2809 turns).

Fizybubbleh the Sneak (Human Enchanter)             Turns: 2809, Time: 00:09:38

Health: -3/30      AC:  4    Str: 13    XL:     4   Next: 62%
Magic:  0/7        EV: 12    Int: 16    God:    Dithmenos [......]
Gold:   86         SH:  0    Dex: 14    Spells: 3 memorised, 1 level left

rFire  . . .     SeeInvis .     a - +2 dagger
rCold  . . .     Clarity  .     b - +1 robe
rNeg   . . .     SustAt   .     (no shield)
rPois  .         Gourm    .     n - +0 helmet
rElec  .         Spirit   .     (no cloak)
rCorr  .         Warding  .     (no gloves)
rMut   .         Stasis   .     (no boots)
MR     .....                    (no amulet)
Stlth  +++.......               (no ring)
                                (no ring)

@: mighty, very slightly contaminated, not resistant to hostile enchantments,
fairly stealthy
A: no striking features
a: Renounce Religion


You were on level 3 of the Dungeon.
You worshipped Dithmenos.
Dithmenos was noncommittal.
You were very hungry.

You visited 1 branch of the dungeon, and saw 3 of its levels.

You collected 86 gold pieces.

Inventory:

Hand weapons
 a - a +2 dagger (weapon)
Armour
 b - a +1 robe (worn)
 n - a +0 helmet (worn)
Magical devices
 s - a wand of random effects (10)
Scrolls
 e - 5 scrolls of identify {unknown}
 g - a scroll of noise {unknown}
 m - a scroll of enchant armour {unknown}
 p - 3 scrolls of remove curse {unknown}
Potions
 f - a potion of haste {unknown}
 h - 2 potions of invisibility {unknown}
 i - 2 potions of might
 q - 2 potions of curing {unknown}
 r - a potion of agility {unknown}
 t - a potion of degeneration {unknown}
Books
 c - a book of Maledictions

   Spells                             Type                      Level
   a - Corona                         Hexes                        1
   b - Ensorcelled Hibernation        Hexes/Ice                    2
   c - Confuse                        Hexes                        3
   d - Tukima's Dance                 Hexes                        3
   e - Dazzling Spray                 Conjuration/Hexes            3
Comestibles
 d - 4 bread rations
 k - a slice of pizza
 l - 5 meat rations
 o - a beef jerky


   Skills:
 - Level 1.0 Short Blades
 - Level 2.0 Dodging
 + Level 5.3 Stealth
 - Level 2.0 Spellcasting
 - Level 3.0 Hexes


You had one spell level left.
You knew the following spells:

 Your Spells              Type           Power        Failure   Level  Hunger
a - Ensorcelled Hibernat  Hex/Ice        #.....       17%         2    ###....
b - Confuse               Hex            ##......     17%         3    ###....
v - Corona                Hex            ##.....      8%          1    #......


Dungeon Overview and Level Annotations

Branches:
Dungeon (3/15)

Altars:
Dithmenos
Xom

Annotations:
D:2 exclusion: quokka, Terence


Message History

MASSIVE DAMAGE!!
Read which item? (? for menu, Esc to quit)
As you read the scroll labeled LOBBICK XARR, it crumbles to dust.
It is a scroll of enchant weapon.
Enchant which weapon? (? for menu, Esc to quit)
Your +1 dagger glows red for a moment.
The gnoll shouts!
The orc wizard points at you and mumbles some strange words.
The magic dart hits you!
* * * LOW HITPOINT WARNING * * *
The ogre barely misses you.
You take 6 damage, and have 9/30 hp.
Drink which item? (? for menu, Esc to quit)
It was a potion of might.
You feel very mighty all of a sudden. The orc wizard casts a spell at you.
The magic dart hits you!
* * * LOW HITPOINT WARNING * * *
The ogre hits you!
You die...

#.######.
.........
..#############
....[.)......<####
.#########......g#
.# #.#####o# .#
#.# #.# )# #.# #.#
.# #(# #@# .#
#.#####O# o#
#......g# .#
#.####### )# #.#
.# .# ##########.#
gg..O<.....#


You could see an ogre, an orc wizard and 2 gnolls.

Vanquished Creatures
  An orc wizard (D:3)
  An adder (D:2)
  A worm (D:2)
  5 orcs (D:3)
  2 ball pythons (D:1)
  A giant cockroach (D:2)
  2 goblins (D:2)
  3 hobgoblins (D:1)
  4 jackals (D:2)
  5 kobolds
  4 bats
  A giant newt (D:1)
  9 rats
39 creatures vanquished.

Notes
Turn   | Place    | Note
--------------------------------------------------------------
     0 | D:1      | Fizybubbleh the Human Enchanter began the quest for the Orb.
     0 | D:1      | Reached XP level 1. HP: 13/13 MP: 3/3
   247 | D:1      | Reached XP level 2. HP: 16/19 MP: 5/5
   701 | D:1      | Learned a level 2 spell: Ensorcelled Hibernation
  1278 | D:2      | Reached skill level 4 in Stealth
  1585 | D:2      | Noticed Terence
  1621 | D:2      | Reached XP level 3. HP: 20/24 MP: 6/6
  1626 | D:2      | Learned a level 3 spell: Confuse
  1999 | D:2      | Found a shimmering altar of Xom.
  2212 | D:3      | Found a shadowy altar of Dithmenos.
  2213 | D:3      | Reached skill level 5 in Stealth
  2213 | D:3      | Reached XP level 4. HP: 30/30 MP: 7/7
  2293 | D:3      | Became a worshipper of Dithmenos the Shadowed
  2396 | D:3      | Noticed an ogre
  2396 | D:3      | a gnoll changed into an ogre
  2809 | D:3      | Slain by an ogre

Vault maps used:
D:1:      dpeg_arrival_sounds_slurp, kennysheep_flooded_box,
          serial_bayou_pond_a, moated_statue, st_stairs_3
D:2:      xom_butterflies, first_bread, uniq_terence
D:3:      nicolae_overflow_crystal_walls, nicolae_ru_great_annihilating_truth,
          portal_sewer_entry_b

Action                   |  1- 3 |  4- 6 || total
-------------------------+-------+-------++-------
Melee: Dagger            |   117 |    36 ||   153
 Cast: Corona            |     4 |       ||     4
       Ensorcelled Hiber |     7 |    12 ||    19
       Confuse           |       |     1 ||     1
Evoke: Wand              |       |     2 ||     2
  Use: Scroll            |       |     1 ||     1
       Potion            |       |     1 ||     1
 Stab: Sleeping          |    13 |     3 ||    16
  Eat: Chunk             |     5 |       ||     5
       Beef jerky        |       |     1 ||     1
